PL
PHOENIX HOTSPUR @ BOSTON PATRIOTS
09/04/2030
 
TOP OF THE 1ST
Phoenix Hotspur batting - Pitching for Boston Patriots : LHP Jesús Franco
Pitching: LHP Jesús Franco
Batting: LHB Francisco García 0-0: Ground out 4-3 (Groundball, 4)
Batting: RHB Kyle Bywaters 0-0: Swinging Strike
0-1: Foul Ball, location: 2F
0-2: Ground out 1-3 (Groundball, 15)
Batting: RHB John Downing 0-0: Ball
1-0: Called Strike
1-1: Swinging Strike
1-2: Strikes out swinging
Top of the 1st over - 0 runs, 0 hits, 0 errors, 0 left on base; Phoenix 0 - Boston 0
BOTTOM OF THE 1ST
Boston Patriots batting - Pitching for Phoenix Hotspur : LHP Wes Hamm
Pitching: LHP Wes Hamm
Batting: RHB Terry Armstrong 0-0: Ball
1-0: Ball
2-0: Fly out, F9 (Flyball, 89D)
Batting: RHB António Padilla 0-0: SINGLE (Line Drive, 9LS)
Batting: RHB Miguel Márquez 0-0: Ball
1-0: Foul Ball, location: 2F
1-1: SINGLE (Groundball, 56D)
António Padilla to second
Batting: RHB Omer Yurtseven 0-0: Foul Ball, location: 2F
0-1: Foul Ball, location: 2F
0-2: Strikes out looking
Batting: LHB Jorge Alejándrez 0-0: Foul Ball, location: 2F
0-1: Ball
1-1: Ball
2-1: Ground out 4-3 (Groundball, 34)
Bottom of the 1st over - 0 runs, 2 hits, 0 errors, 2 left on base; Phoenix 0 - Boston 0
TOP OF THE 2ND
Phoenix Hotspur batting - Pitching for Boston Patriots : LHP Jesús Franco
Batting: RHB Gabriel Pérez 0-0: Foul Ball, location: 2F
0-1: Swinging Strike
0-2: Foul Ball, location: 2F
0-2: Ball
1-2: Strikes out swinging
Batting: LHB Shojiro Ueda 0-0: Ball
1-0: Ball
2-0: Called Strike
2-1: SINGLE (Groundball, 34D)
Batting: RHB Randy Rehling 0-0: Ball
1-0: Ball
2-0: Ball
3-0: Called Strike
3-1: Base on Balls
Shojiro Ueda to second
Batting: RHB Alex Niemann 0-0: Ball
Wild Pitch!
Shojiro Ueda to third
Randy Rehling to second
1-0: Swinging Strike
1-1: Foul Ball, location: 2F
1-2: Ball
2-2: Strikes out swinging
Batting: LHB Wagaw Lukongolo 0-0: Called Strike
0-1: Foul Ball, location: 2F
0-2: Ball
1-2: Fly out, F7 (Flyball, 7)
Top of the 2nd over - 0 runs, 1 hit, 0 errors, 2 left on base; Phoenix 0 - Boston 0
BOTTOM OF THE 2ND
Boston Patriots batting - Pitching for Phoenix Hotspur : LHP Wes Hamm
Batting: SHB Jorge Velázquez 0-0: Fly out, F8 (Flyball, 8LD)
Batting: RHB Juan Tellado 0-0: Ball
1-0: Ball
2-0: Swinging Strike
2-1: Ground out 5-3 (Groundball, 56S)
Batting: RHB Karl Schultz 0-0: Ball
1-0: Ball
2-0: Fly out, F6 (Popup, 6S)
Bottom of the 2nd over - 0 runs, 0 hits, 0 errors, 0 left on base; Phoenix 0 - Boston 0
TOP OF THE 3RD
Phoenix Hotspur batting - Pitching for Boston Patriots : LHP Jesús Franco
Batting: RHB Jesús Álvarez 0-0: Ball
1-0: SINGLE (Line Drive, 89S)
Batting: LHB Francisco García 0-0: Called Strike
Throwing error on steal attempt, E2
Jesús Álvarez to third
0-1: Ball
1-1: Foul Ball, location: 2F
1-2: Strikes out swinging
Batting: RHB Kyle Bywaters 0-0: Foul Ball, location: 2F
0-1: Ball
1-1: Ball
2-1: Ground out 6-3 (Groundball, 6D)
Jesús Álvarez scores
Batting: RHB John Downing 0-0: Called Strike
0-1: Ball
1-1: Foul Ball, location: 2F
1-2: Ball
2-2: Fly out, F9 (Line Drive, 9LM)
Top of the 3rd over - 1 run, 1 hit, 1 error, 0 left on base; Phoenix 1 - Boston 0
BOTTOM OF THE 3RD
Boston Patriots batting - Pitching for Phoenix Hotspur : LHP Wes Hamm
Batting: RHB Francisco Agámez 0-0: Called Strike
0-1: Foul Ball, location: 2F
0-2: Ball
1-2: Foul Ball, location: 2F
1-2: Foul Ball, location: 2F
1-2: Foul Ball, location: 2F
1-2: Foul Ball, location: 2F
1-2: Strikes out swinging
Batting: RHB Terry Armstrong 0-0: Ball
1-0: Ball
2-0: Called Strike
2-1: Foul Ball, location: 2F
2-2: Ball
3-2: Fly out, F9 (Flyball, 9LD)
Batting: RHB António Padilla 0-0: Called Strike
0-1: Swinging Strike
0-2: Ball
1-2: Strikes out swinging
Bottom of the 3rd over - 0 runs, 0 hits, 0 errors, 0 left on base; Phoenix 1 - Boston 0
TOP OF THE 4TH
Phoenix Hotspur batting - Pitching for Boston Patriots : LHP Jesús Franco
Batting: RHB Gabriel Pérez 0-0: Fly out, F4 (Popup, 23)
Batting: LHB Shojiro Ueda 0-0: Ball
1-0: SINGLE (Groundball, 4MD)
Batting: RHB Randy Rehling 0-0: Fly out, F3 (Popup, 3L)
Batting: RHB Alex Niemann 0-0: Fly out, F8 (Flyball, 78D)
Top of the 4th over - 0 runs, 1 hit, 0 errors, 1 left on base; Phoenix 1 - Boston 0
BOTTOM OF THE 4TH
Boston Patriots batting - Pitching for Phoenix Hotspur : LHP Wes Hamm
Batting: RHB Miguel Márquez 0-0: Foul Ball, location: 2F
0-1: Swinging Strike
0-2: Strikes out looking
Batting: RHB Omer Yurtseven 0-0: Ground out 6-3 (Groundball, 6)
Batting: LHB Jorge Alejándrez 0-0: Foul Ball, location: 2F
0-1: Called Strike
0-2: Ball
1-2: Ball
2-2: Fly out, F9 (Flyball, 9D)
Bottom of the 4th over - 0 runs, 0 hits, 0 errors, 0 left on base; Phoenix 1 - Boston 0
TOP OF THE 5TH
Phoenix Hotspur batting - Pitching for Boston Patriots : LHP Jesús Franco
Batting: LHB Wagaw Lukongolo 0-0: Called Strike
0-1: Called Strike
0-2: Fly out, F7 (Flyball, 7S)
Batting: RHB Jesús Álvarez 0-0: Ball
1-0: Foul Ball, location: 2F
1-1: SINGLE (Groundball, 34S) (infield hit)
Batting: LHB Francisco García 0-0: Grounds into double play, 5-4-3 (Groundball, 5)
Top of the 5th over - 0 runs, 1 hit, 0 errors, 0 left on base; Phoenix 1 - Boston 0
BOTTOM OF THE 5TH
Boston Patriots batting - Pitching for Phoenix Hotspur : LHP Wes Hamm
Batting: SHB Jorge Velázquez 0-0: Called Strike
0-1: DOUBLE (Flyball, 8RXD)
Batting: RHB Juan Tellado 0-0: Called Strike
0-1: Ball
1-1: Ball
2-1: Ground out 5-3 (Groundball, 5S)
Jorge Velázquez to third
Batting: RHB Karl Schultz 0-0: Foul Ball, location: 2F
0-1: Ground out 5-3 (Groundball, 56)
Jorge Velázquez scores
Batting: RHB Francisco Agámez 0-0: Called Strike
0-1: Called Strike
0-2: Foul Ball, location: 2F
0-2: Ground out 4-3 (Groundball, 4)
Bottom of the 5th over - 1 run, 1 hit, 0 errors, 0 left on base; Phoenix 1 - Boston 1
TOP OF THE 6TH
Phoenix Hotspur batting - Pitching for Boston Patriots : LHP Jesús Franco
Batting: RHB Kyle Bywaters 0-0: Called Strike
0-1: Ball
1-1: Ball
2-1: Ground out 5-3 (Groundball, 56)
Batting: RHB John Downing 0-0: Ball
1-0: Foul Ball, location: 2F
1-1: Foul Ball, location: 2F
1-2: Ball
2-2: Fly out, F7 (Flyball, 78M)
Batting: RHB Gabriel Pérez 0-0: SINGLE (Groundball, 56D)
Batting: LHB Shojiro Ueda 0-0: Called Strike
Gabriel Pérez steals 2nd base
0-1: Ball
1-1: Called Strike
1-2: Foul Ball, location: 2F
1-2: Ball
2-2: Foul Ball, location: 2F
2-2: Ball
3-2: Base on Balls
Batting: RHB Randy Rehling 0-0: Ball
1-0: Called Strike
1-1: Ball
2-1: SINGLE (Flyball, 9LS)
Gabriel Pérez to third
Shojiro Ueda to second
Runner from 3rd tries for Home, SAFE, no throw
Batting: RHB Alex Niemann 0-0: Ground out 6-3 (Groundball, 6M)
Top of the 6th over - 1 run, 2 hits, 0 errors, 2 left on base; Phoenix 2 - Boston 1
BOTTOM OF THE 6TH
Boston Patriots batting - Pitching for Phoenix Hotspur : LHP Wes Hamm
Batting: RHB Terry Armstrong 0-0: Called Strike
0-1: Fly out, F7 (Flyball, 7S)
Batting: RHB António Padilla 0-0: Foul Ball, location: 2F
0-1: Ball
1-1: Called Strike
1-2: Ball
2-2: Fly out, F8 (Flyball, 8RD)
Batting: RHB Miguel Márquez 0-0: SINGLE (Flyball, 8LS)
Batting: RHB Omer Yurtseven 0-0: Ball
1-0: Ball
2-0: Fielders Choice at 2nd, U4 (Groundball, 4M)
Bottom of the 6th over - 0 runs, 1 hit, 0 errors, 1 left on base; Phoenix 2 - Boston 1
TOP OF THE 7TH
Phoenix Hotspur batting - Pitching for Boston Patriots : LHP Jesús Franco
Batting: LHB Wagaw Lukongolo 0-0: Called Strike
0-1: Ground out 6-3 (Groundball, 6)
Batting: RHB Jesús Álvarez 0-0: Called Strike
0-1: Ball
1-1: Ground out 6-3 (Groundball, 6S)
Batting: LHB Francisco García 0-0: Called Strike
0-1: Fly out, F9 (Flyball, 9LS)
Top of the 7th over - 0 runs, 0 hits, 0 errors, 0 left on base; Phoenix 2 - Boston 1
BOTTOM OF THE 7TH
Boston Patriots batting - Pitching for Phoenix Hotspur : LHP Wes Hamm
Batting: LHB Jorge Alejándrez 0-0: Foul Ball, location: 2F
0-1: Ball
1-1: Ball
2-1: Ground out 4-3 (Groundball, 34D)
Batting: SHB Jorge Velázquez 0-0: Ball
1-0: Ball
2-0: Ball
3-0: Called Strike
3-1: Base on Balls
Batting: RHB Juan Tellado 0-0: Ground out 5-3 (Groundball, 5S)
Jorge Velázquez to second
Batting: RHB Karl Schultz 0-0: Foul Ball, location: 2F
0-1: Ball
1-1: Foul Ball, location: 2F
1-2: Ball
2-2: Ball
3-2: Base on Balls
Batting: RHB Francisco Agámez 0-0: Fly out, F3 (Popup, 3SF)
Bottom of the 7th over - 0 runs, 0 hits, 0 errors, 2 left on base; Phoenix 2 - Boston 1
TOP OF THE 8TH
Phoenix Hotspur batting - Pitching for Boston Patriots : LHP Jesús Franco
Batting: RHB Kyle Bywaters 0-0: Ball
1-0: Ground out U3 (Groundball, 34S)
Batting: RHB John Downing 0-0: Ball
1-0: Ball
2-0: Called Strike
2-1: Foul Ball, location: 2F
2-2: Ball
3-2: Fly out, F7 (Flyball, 7S)
Batting: RHB Gabriel Pérez 0-0: Fly out, F7 (Flyball, 7LMF)
Top of the 8th over - 0 runs, 0 hits, 0 errors, 0 left on base; Phoenix 2 - Boston 1
BOTTOM OF THE 8TH
Boston Patriots batting - Pitching for Phoenix Hotspur : LHP Wes Hamm
Batting: RHB Terry Armstrong 0-0: Ball
1-0: Foul Ball, location: 2F
1-1: Ball
2-1: Ball
3-1: Base on Balls
Batting: RHB António Padilla 0-0: Called Strike
0-1: Ball
1-1: Called Strike
1-2: Foul Ball, location: 2F
1-2: Strikes out swinging
Batting: RHB Miguel Márquez 0-0: Ball
1-0: SINGLE (Groundball, 4MD)
Terry Armstrong to second
Batting: RHB Omer Yurtseven 0-0: Called Strike
0-1: Foul Ball, location: 2F
0-2: Ball
1-2: 3-RUN HOME RUN (Flyball, 9LD), Distance : 351 ft
Batting: LHB Jorge Alejándrez 0-0: Ball
1-0: Foul Ball, location: 2F
1-1: Swinging Strike
1-2: Foul Ball, location: 2F
1-2: DOUBLE (Flyball, 8LXD)
Batting: SHB Jorge Velázquez 0-0: Intentional Walk
Batting: RHB Juan Tellado 0-0: Called Strike
0-1: Foul Ball, location: 2F
0-2: Foul Ball, location: 2F
0-2: Ball
1-2: Foul Ball, location: 2F
1-2: Strikes out swinging
Pitching: RHP Mitchell Atwell
Batting: RHB Karl Schultz 0-0: Foul Ball, location: 2F
0-1: Called Strike
0-2: Ball
1-2: SINGLE (Line Drive, 7S)
Jorge Alejándrez to third
Jorge Velázquez to second
Runner from 3rd tries for Home, SAFE, no throw
Batting: RHB Francisco Agámez 0-0: Swinging Strike
0-1: Fielders Choice at 2nd, 6-4 (Groundball, 6)
Bottom of the 8th over - 4 runs, 4 hits, 0 errors, 2 left on base; Phoenix 2 - Boston 5
TOP OF THE 9TH
Phoenix Hotspur batting - Pitching for Boston Patriots : LHP Jesús Franco
Batting: LHB Shojiro Ueda 0-0: Swinging Strike
0-1: Called Strike
0-2: Strikes out looking
Batting: RHB Randy Rehling 0-0: Called Strike
0-1: Ball
1-1: Called Strike
1-2: Strikes out swinging
Batting: RHB Alex Niemann 0-0: Fly out, F4 (Line Drive, 4)
Top of the 9th over - 0 runs, 0 hits, 0 errors, 0 left on base; Phoenix 2 - Boston 5
Sunday, March 18th, 2018 - OOTP Baseball 18.8 Build 76